 Dungeon Crawl Stone Soup version 0.25-a0-424-g80bd347ae0 (webtiles) character file.

Game seed: 17587643542228518190, levelgen mode: deterministic

0 MrRokkomies the Ducker (level 1, -10/11 HPs)
             Began as a Spriggan Abyssal Knight on Jan 20, 2020.
             Was a Follower of Lugonu.
             Killed from afar by a wretched star (17 damage)
             ... with a lance of force
             ... on level 1 of the Abyss.
             The game lasted 00:01:24 (269 turns).

MrRokkomies the Ducker (Spriggan Abyssal Knight)     Turns: 269, Time: 00:01:25

Health: -10/11     AC:  2    Str:  8    XL:     1   Next: 0%
Magic:  3/3        EV: 18    Int: 13    God:    Lugonu [*.....]
Gold:   11         SH:  0    Dex: 15    Spells: 0/0 levels left

rFire    . . .     SeeInvis +   a - +1 short sword
rCold    . . .     Gourm    .   (shield restricted)
rNeg     . . .     Faith    .   b - +0 robe
rPois    .         Spirit   .   (helmet restricted)
rElec    .         Reflect  .   (no cloak)
rCorr    .         Harm     .   (gloves unavailable)
MR       .....                  (boots unavailable)
Stlth    +.........             (no amulet)
HPRegen  0.03/turn              (no ring)
MPRegen  0.08/turn              (no ring)

@: very quick
A: very small, unfitting armour, see invisible, herbivore, speed 3, slow
metabolism 2
a: Depart the Abyss, Renounce Religion


You were on level 1 of the Abyss.
You worshipped Lugonu.
Lugonu was aware of your devotion.
You were not hungry.

You visited 0 branches of the dungeon, and saw 0 of its levels.
You visited the Abyss 1 time.

You collected 11 gold pieces.

Inventory:

Hand Weapons
 a - a +1 short sword (weapon)
Armour
 b - a +0 robe (worn)
Comestibles
 c - a ration


   Skills:
 + Level 2.4 Fighting
 + Level 2.1 Short Blades
 + Level 3.5 Dodging
 + Level 1.7 Invocations


You couldn't memorise any spells.
You didn't know any spells.
Your spell library was empty.

Dungeon Overview and Level Annotations

Branches:
Dungeon (0/15)

Altars:


Innate Abilities, Weirdness & Mutations

You are very small and have problems with some larger weapons.
You are too small for most types of armour.
You have supernaturally acute eyesight. (SInv)
You are a herbivore.
You cover ground extremely quickly.
You need to consume almost no food.


Message History

The neqoxec shouts!
A tentacle flies out from the starspawn's body!
A starspawn tentacle comes into view.
You see here 11 gold pieces.
A ynoxinul comes into view.
A tentacle flies out from the starspawn's body!
A starspawn tentacle comes into view.
A tentacled starspawn comes into view.
Tentacles burst from the starspawn's body! 2 starspawn tentacles come into view.
Found a short sword.
A starcursed mass comes into view.
A wretched star comes into view.
A starcursed mass splits.
A starcursed mass splits. x2
A starcursed mass splits. x2
The wretched star glows turbulently.
The lance of force hits you!
Ouch! That really hurt!
You die...

# .. ... #.....# #
.###X#.##....##.
#.#X#.##...# . #...
##.#XX..#..... # ##
. #..#X....#..# ...
...##.#..X...#..#
.#. #...*....#. #.#
.#
...###..###....##.#
#.@.###.##....
#....#....##.#.##..
# #....###..#.#..#
..#.## #..##....#.#
# . ## #)...#...#
.. # .
......#....## ยง
##.## #### ##. #.
##.....##..##
#..#..#...# ..


You could see 6 starcursed masses and a wretched star.

Vanquished Creatures (others)
  8 starspawn tentacles (Abyss:1)
8 creatures vanquished.

Notes
Turn   | Place    | Note
-------+----------+-------------------------------------------
     0 | Abyss:1  | MrRokkomies the Spriggan Abyssal Knight began the quest for
                  | the Orb.
     0 | Abyss:1  | Reached XP level 1. HP: 11/11 MP: 3/3
    14 | Abyss:1  | Found a corrupted altar of Lugonu.
    62 | Abyss:1  | Noticed a small abomination
    78 | Abyss:1  | Noticed an iron imp
    80 | Abyss:1  | Noticed a small abomination
   117 | Abyss:1  | Noticed an ice devil
   122 | Abyss:1  | Noticed a small abomination
   125 | Abyss:1  | Noticed a small abomination
   128 | Abyss:1  | Noticed a raiju
   136 | Abyss:1  | Found a corrupted altar of Lugonu.
   202 | Abyss:1  | Noticed a small abomination
   215 | Abyss:1  | Noticed a small abomination
   224 | Abyss:1  | Noticed a tentacled starspawn
   227 | Abyss:1  | Noticed a neqoxec
   232 | Abyss:1  | Noticed a ynoxinul
   234 | Abyss:1  | Noticed a tentacled starspawn
   259 | Abyss:1  | Noticed a starcursed mass
   263 | Abyss:1  | Noticed a wretched star
   269 | Abyss:1  | Killed from afar by a wretched star

Levels and vault maps discovered:
Abyss:1:  evilmike_abyss_exit_mutagenic

Action                   || total
-------------------------++-------
Melee: Short sword       ||     1
Dodge: Dodged            ||     2

Table legend:
 A = Non-vault XP
 B = Vault XP
 C = Vault XP percentage of total XP
 D = Non-vault monster count
 E = Vault monster count
 F = Vault count percentage of total count
                 A         B        C        D         E       F
            +---------+---------+-------+---------+---------+-------
      Total |       0 |       0 |   N/A |       0 |       0 |  -nan
            +---------+---------+-------+---------+---------+-------
            +---------+---------+-------+---------+---------+-------
